 Dungeon Crawl Stone Soup version 0.25-a0-287-g56a5b49892 (webtiles) character file.

Game seed: 9980633358248415381, levelgen mode: deterministic

1567 D1HalberdGnoll the Reanimator (level 9, -5/66 HPs)
             Began as a Human Necromancer on Dec 12, 2019.
             Was a Believer of Sif Muna.
             Slain by a wyvern zombie (10 damage)
             ... on level 6 of the Dungeon.
             The game lasted 00:12:57 (7301 turns).

D1HalberdGnoll the Reanimator (Human Necromancer)   Turns: 7301, Time: 00:12:58

Health: -5/66      AC:  5    Str: 13    XL:     9   Next: 13%
Magic:  16/16      EV: 18    Int: 15    God:    Sif Muna [**....]
Gold:   281        SH:  7    Dex: 22    Spells: 8/17 levels left

rFire    . . .     SeeInvis .   e - +1 short sword (venom)
rCold    . . .     Gourm    .   b - +1 buckler
rNeg     . . .     Faith    .   a - +0 robe
rPois    .         Spirit   .   (no helmet)
rElec    .         Reflect  .   d - +0 cloak
rCorr    .         Harm     .   o - +0 pair of gloves
MR       +....                  s - +0 pair of boots
Stlth    +++.......             h - amulet of magic regeneration
HPRegen  0.21/turn              v - ring of Befeodor {MR+ Str+2 Dex+2}
MPRegen  0.40/turn              (no ring)

@: agile
A: no striking features
a: Channel Magic, Renounce Religion


You were on level 6 of the Dungeon.
You worshipped Sif Muna.
Sif Muna was pleased with you.
You were not hungry.

You visited 1 branch of the dungeon, and saw 6 of its levels.

You collected 281 gold pieces.

Inventory:

Hand Weapons
 e - a +1 short sword of venom (weapon)
Missiles
 j - 23 poisoned darts (quivered)
Armour
 a - a +0 robe (worn)
 b - a +1 buckler (worn)
 d - a +0 cloak (worn)
 o - a +0 pair of gloves (worn)
 s - a +0 pair of boots (worn)
Jewellery
 h - an amulet of magic regeneration (around neck)
 v - the ring of Befeodor (left hand) {MR+ Str+2 Dex+2}
   (You found it on level 5 of the Dungeon)

   [ring of protection from magic]

   It affects your strength (+2).
   It affects your dexterity (+2).
   It affects your resistance to hostile enchantments.
Wands
 m - a wand of iceblast (7)
 u - a wand of random effects (27)
Scrolls
 f - 4 scrolls of enchant weapon
 g - a scroll of identify
 k - a scroll of enchant armour
 n - 3 scrolls of remove curse
 r - 3 scrolls of immolation
Comestibles
 c - 9 rations


   Skills:
 + Level 4.7 Fighting
 - Level 2.5 Dodging
 - Level 2.0 Stealth
 - Level 4.0 Shields
 + Level 4.8 Spellcasting
 * Level 8.1 Necromancy


You had 8 spell levels left.
You knew the following spells:

 Your Spells              Type           Power        Failure   Level  Hunger
a - Pain                  Necr           ####         1%          1    None
b - Vampiric Draining     Necr           ####......   1%          3    ###....
s - Animate Skeleton      Necr           N/A          1%          1    None
S - Animate Dead          Necr           N/A          6%          4    ####...

Your spell library contained the following spells:

 Spells                   Type           Power        Failure   Level  Hunger
 Regeneration             Chrm/Necr      ###.......   10%         3    ###....


Dungeon Overview and Level Annotations

Branches:
Dungeon (6/15)             Temple (0/1) D:5

Altars:
Qazlal
Sif Muna
Trog


Message History

The wyvern zombie is almost destroyed.
The wyvern zombie barely misses you.
You hit the wyvern zombie but do no damage.
The wyvern zombie is almost destroyed.
The wyvern zombie closely misses you.
You barely miss the wyvern zombie.
The wyvern zombie is almost destroyed.
The wyvern zombie misses you. The wyvern zombie bites you!
* * * LOW HITPOINT WARNING * * *
Evoke which item? (* to show all) (? for menu, Esc to quit)
Okay, then.
As you read the scroll of fear, it crumbles to dust.
You assume a fearsome visage.
The wyvern zombie is unaffected.
You block the wyvern zombie's attack.
You feel better. The wyvern zombie bites you.
* * * LOW HITPOINT WARNING * * *
You block the wyvern zombie's attack.
You feel agile all of a sudden. The wyvern zombie bites you!
You die...

## ### # ##.## #.## ####
### #.... #..####..# #..
#....# ##..##...## #..
#..... ####.........##
#.. #....##Z@..##(..#...#
#..
#.......######...#..####.
#.......# ##...#..###.
.....####.# ##...#....(
.#.. #.# ##........ ...
#.# ##....### .) #..
##<.<# . ##. ##.## .. #.#


You could see a wyvern zombie.

Vanquished Creatures
  Pikel (D:5)
  Sigmund (D:3)
  2 ogres (D:4)
  A centaur (D:5)
  A big kobold (D:4)
  A scorpion (D:4)
  A howler monkey (D:5)
  A jelly (D:5)
  4 orc priests
  Crazy Yiuf (D:3)
  2 hounds (D:5)
  2 orc wizards
  Ijyb (D:3)
  A worker ant (D:4)
  8 adders
  3 oozes
  3 worms (D:2)
  2 dart slugs (D:1)
  A leopard gecko (D:3)
  17 orcs
  A ball python (D:4)
  5 bats
  5 giant cockroaches
  5 hobgoblins
  7 jackals
  8 kobolds
  2 quokkas
  7 frilled lizards
  6 goblins
  A leopard gecko skeleton (D:4)
  4 rats
  A fungus (D:3)
106 creatures vanquished.

Vanquished Creatures (collateral kills)
  An ooze (D:1)
  A rat (D:3)
2 creatures vanquished.

Vanquished Creatures (others)
  A hound (D:5)
  A centaur skeleton (D:5)
  An adder skeleton (D:5)
3 creatures vanquished.

Grand Total: 111 creatures vanquished

Notes
Turn   | Place    | Note
-------+----------+-------------------------------------------
     0 | D:1      | D1HalberdGnoll the Human Necromancer began the quest for
                  | the Orb.
     0 | D:1      | Reached XP level 1. HP: 13/13 MP: 3/3
   164 | D:1      | Learned a level 1 spell: Animate Skeleton
   478 | D:1      | Reached XP level 2. HP: 20/20 MP: 3/5
   766 | D:1      | Reached XP level 3. HP: 18/25 MP: 3/6
   918 | D:1      | Learned a level 3 spell: Vampiric Draining
  1042 | D:1      | Reached skill level 1 in Fighting
  2154 | D:1      | Reached XP level 4. HP: 20/32 MP: 1/7
  2491 | D:2      | Found a shimmering blue altar of Sif Muna.
  2497 | D:2      | Became a worshipper of Sif Muna the Loreminder
  3243 | D:2      | Reached XP level 5. HP: 29/37 MP: 4/8
  3603 | D:3      | Noticed Ijyb
  3668 | D:3      | Killed Ijyb
  3668 | D:3      | Reached skill level 1 in Shields
  3668 | D:3      | Reached skill level 5 in Necromancy
  3920 | D:3      | Reached * piety under Sif Muna
  4177 | D:3      | Noticed Sigmund
  4180 | D:3      | Killed Sigmund
  4180 | D:3      | Reached XP level 6. HP: 46/46 MP: 10/10
  4534 | D:3      | Found a runed translucent door.
  4535 | D:3      | Noticed Crazy Yiuf
  4540 | D:3      | Killed Crazy Yiuf
  4540 | D:3      | Reached XP level 7. HP: 51/51 MP: 11/11
  4654 | D:3      | Learned a level 4 spell: Animate Dead
  4813 | D:4      | Reached skill level 6 in Necromancy
  5181 | D:4      | Reached XP level 8. HP: 25/58 MP: 6/13
  5920 | D:5      | Entered Level 5 of the Dungeon
  5937 | D:5      | Found a staircase to the Ecumenical Temple.
  6157 | D:5      | Found a bloodstained altar of Trog.
  6226 | D:5      | Reached ** piety under Sif Muna
  6259 | D:5      | Reached skill level 7 in Necromancy
  6533 | D:5      | Noticed Pikel
  6552 | D:5      | Killed Pikel
  6552 | D:5      | Reached XP level 9. HP: 33/66 MP: 3/16
  6769 | D:5      | Got a glittering bone ring
  6890 | D:5      | Found a stormy altar of Qazlal.
  6988 | D:5      | Reached skill level 8 in Necromancy
  7151 | D:5      | Identified the ring of Befeodor {MR+ Str+2 Dex+2} (You
                  | found it on level 5 of the Dungeon)
  7301 | D:6      | Slain by a wyvern zombie

Levels and vault maps discovered:
D:1:      giann_horns, layout_loops_corners
D:2:      layout_basic, led_sif_pool, minmay_ruptured
D:3:      layout_loops_ring, uniq_crazy_yiuf_cottage, uniq_sigmund, uniq_ijyb
D:4:      layout_gridville, first_ration
D:5:      layout_loops_ring, minmay_temple_entry_purple_smoke, basic_altar,
          nicolae_qazlal_eye_of_the_storm, uniq_pikel
D:6:      layout_cave_pods, minmay_guarded_unrand_staff_of_olgreb

Skill      XL: |  1  2  3  4  5  6  7  8  9 |
---------------+----------------------------+-----
Fighting       | 1 2 3 4 |  4.7
Shields        | 2 3 4 |  4.0
Necromancy     | 5 6 7 8 |  8.1
Spellcasting   | 3 4 |  4.8
Dodging        | |  2.5
Stealth        | |  2.0

Action                   |  1- 3 |  4- 6 |  7- 9 || total
-------------------------+-------+-------+-------++-------
Melee: Unarmed           |     9 |       |       ||     9
       Dagger            |    78 |   107 |     8 ||   193
       Short sword       |       |       |    70 ||    70
Throw: Stone             |     1 |       |       ||     1
       Dart              |       |     6 |    12 ||    18
 Cast: Pain              |    47 |    60 |    66 ||   173
       Animate Skeleton  |     6 |     7 |     1 ||    14
       Vampiric Draining |     4 |    12 |    15 ||    31
       Animate Dead      |       |       |     1 ||     1
Evoke: Wand              |       |     4 |     7 ||    11
  Use: Potion            |     1 |       |     4 ||     5
       Scroll            |       |     5 |    12 ||    17
 Stab: Sleeping          |       |     1 |       ||     1
  Eat: Chunk             |     5 |    10 |     4 ||    19
       Ration            |       |       |     2 ||     2
Armor: Robe              |    13 |    13 |    10 ||    36
Dodge: Dodged            |    66 |    45 |    53 ||   164
Block: Buckler           |       |    18 |    29 ||    47

Table legend:
 A = Non-vault XP
 B = Vault XP
 C = Vault XP percentage of total XP
 D = Non-vault monster count
 E = Vault monster count
 F = Vault count percentage of total count
                 A         B        C        D         E       F
            +---------+---------+-------+---------+---------+-------
      Total |    1236 |    1003 |  44.8 |     101 |       6 |   5.6
            +---------+---------+-------+---------+---------+-------
        D:1 |      65 |      13 |  16.7 |      29 |       1 |   3.3
        D:2 |      54 |      14 |  20.6 |      16 |       1 |   5.9
        D:3 |     117 |     303 |  72.1 |      23 |       3 |  11.5
        D:4 |     590 |       0 |   0.0 |      22 |       0 |   0.0
        D:5 |     408 |     673 |  62.3 |      10 |       1 |   9.1
        D:6 |       2 |       0 |   0.0 |       1 |       0 |   0.0
            +---------+---------+-------+---------+---------+-------
